 Dungeon Sprint DCSS version 0.26-a0-660-gc07710193c (webtiles) character file.

Game seed: 172314234669777688

3663 mhtbhm the Eclecticist (level 9, -8/49 HPs)
             Began as a Deep Elf Earth Elementalist on Oct 8, 2020.
             Was an Elder of Vehumet.
             Mangled by a cane toad (23 damage)
             ... in the Dungeon (Sprint III: "The Ten Rune Challenge").
             The game lasted 00:04:44 (1818 turns).

mhtbhm the Eclecticist (DEEE)                       Turns: 1818, Time: 00:04:44

Health: -8/49      AC:  2    Str:  7    XL:     9   Next: 89%
Magic:  29/33      EV: 16    Int: 24    God:    Vehumet [****..]
Gold:   32         SH:  0    Dex: 15    Spells: 30/45 levels left

rFire    + . .     SeeInvis .   (no weapon)
rCold    . . .     Faith    .   (no shield)
rNeg     . . .     Spirit   .   c - +0 robe {rF+}
rPois    .         Reflect  .   (no helmet)
rElec    .         Harm     .   (no cloak)
rCorr    .         Rampage  .   (no gloves)
MR       .....     Rnd*Rage +   (no boots) Stlth ++........NoTele +
                                (no amulet)
HPRegen  0.16/turn              (no ring)
MPRegen  0.23/turn              (no ring)

@: very slow
A: berserk 1, sense surroundings 1, robust 1, strong 1
a: Renounce Religion


You were in the Dungeon.
You worshipped Vehumet.
Vehumet was greatly pleased with you.
You visited 1 branch You collected 32 gold pieces.

Inventory:

Missiles
 b - 15 stones (quivered)
 e - 4 throwing nets
Armour
 c - a +0 robe of fire resistance (worn)
Scrolls
 a - a scroll of enchant armour {unknown}
 i - a scroll of blinking
 j - 6 scrolls of remove curse
 k - a scroll of torment {unknown}
 l - a scroll of identify {unknown}
 m - 2 scrolls of immolation {unknown}
Potions
 d - a potion of curing
 g - a potion of magic
 h - a potion of berserk rage
 n - 2 potions of flight {unknown}
 o - 4 potions of mutation
Miscellaneous
 p - a lightning rod (4/4)


   Skills:
 + Level 6.2 Dodging
 + Level 5.5 Stealth
 + Level 18.9 Spellcasting
 + Level 1.8 Conjurations
 + Level 1.1 Transmutations
 + Level 16.3 Earth Magic
 + Level 1.4 Evocations


You had 30 spell levels left.
You knew the following spells:

 Your Spells              Type           Power        Failure   Level
a - Sandblast             Erth           ######       0%          1
b - Passwall              Tmut/Erth      ######..     1%          2
c - Stone Arrow           Conj/Erth      ######       1%          3
d - Lee's Rapid Deconstr  Erth           #######...   1%          5
e - Petrify               Tmut/Erth      ######..     1%          4

Your spell library contained the following spells:

 Spells                   Type           Power        Failure   Level
 Static Discharge         Conj/Air       ####....     1%          3
 Animate Skeleton         Necr           ###...       2%          1
 Apportation              Tloc           ###...       2%          1
 Corona                   Hex            ###....      2%          1
 Summon Small Mammal      Summ           ###.         2%          1
 Confusing Touch          Hex            ###.....     6%          3
 Gell's Gravitas          Tloc           ###.......   6%          3
 Yara's Violent Unravell  Hex/Tmut       ####......   13%         5
 Metabolic Englaciation   Hex/Ice        ###.......   52%         5


Dungeon Overview and Level Annotations

Branches:
Dungeon (1/1)

Altars:
Cheibriados
Dithmenos
Elyvilon
Fedhas
Gozag
Hepliaklqana
Kikubaaqudgha
Makhleb
Nemelex Xobeh
Okawaru
Qazlal
Ru
Sif Muna
Trog
Uskayaw
Vehumet
Wu Jian
Xom
Yredelemnul
Zin
The Shining One
Beogh
Jiyva
Lugonu


Innate Abilities, Weirdness & Mutations

You tend to lose your temper in combat.
You passively map a small area around you.
You are robust. (+10% HP)
Your muscles are strong. (Str +2)


Message History

Moving in this stuff is going to be slow.
You open the door.
A komodo dragon and 2 cane toads come into view.
Casting: Stone Arrow (safe; 1% risk of failure)
Confirm with . or Enter, or press ? or * to list all spells.
Aiming: Petrify (dangerous; 1% risk of failure)
Press: ? - help, Shift-Dir - straight line, f - cane toad
Aim: a cane toad (chance to defeat MR: 76%)
The cane toad is moving more slowly.
The cane toad stings you!!
You are poisoned.
The cane toad poisons you!
Unknown command.
You feel very sick. The cane toad stings you!!
* * * LOW HITPOINT WARNING * * *
Unknown command.
You feel better.
The cane toad gives a loud, deep croak!
The komodo dragon hisses angrily.
The cane toad stings you!!
You die...

.###...'.⌠........# *, * **
####...#...######'# ,
###....#.⌠.#__#...#+#############
##.....#...#__#...#....#.#.#.....
#......#)###__#...##.#.)#.##)###.
.#.....#..)#__#...'##)#.#.##)#..#
###....#___#__'...#...#..#.)##..†
▓▓▓▓▓▓▓▓▓▓▓▓▓▓▓▓▓▓▓▓▓▓▓▓▓▓▓▓▓▓# ,
, , **♣F@≈........≈≈≈...# ≈ ≈ +
♣'♣≈≈≈≈≈≈≈≈≈≈≈≈♣♣P.' ≈ ,
.F♣♣♣♣♣♣♣♣♣♣♣♣♣♣♣♣PP# ≈ *#.. ♣♣♣#
## ** * * * * , * ,* , , , ≈ * *
≈ ,


You could see 2 cane toads.

Vanquished Creatures
  Erolcha (D)
  A deep elf mage (D)
  3 wandering mushrooms (D)
  2 redbacks (D)
  A shadow (D)
  A spatial vortex (D)
  A necrophage (D)
  5 two-headed ogres (D)
  A water elemental (D)
  A scorpion (D)
  A jelly (D)
  A wizard (D)
  Jessica (D)
  A necromancer (D)
  3 humans (D)
  A kobold demonologist (D)
  2 rats (D)
27 creatures vanquished.

Vanquished Creatures (others)
  A plant (D)
1 creature vanquished.

Grand Total: 28 creatures vanquished

Notes
Turn   | Place    | Note
-------+----------+-------------------------------------------
     0 | D        | mhtbhm the Deep Elf Earth Elementalist began the quest for
                  | the Orb.
     0 | D        | Reached XP level 1. HP: 10/10 MP: 6/6
   174 | D        | Noticed Jessica
   179 | D        | Killed Jessica
   179 | D        | Reached skill level 4 in Spellcasting
   179 | D        | Reached skill level 5 in Earth Magic
   179 | D        | Reached XP level 2. HP: 15/15 MP: 4/9
   260 | D        | Reached skill level 5 in Spellcasting
   260 | D        | Reached XP level 3. HP: 13/19 MP: 4/11
   264 | D        | Learned a level 2 spell: Passwall
   268 | D        | Learned a level 3 spell: Stone Arrow
   356 | D        | Noticed a scorpion
   359 | D        | Killed a scorpion
   359 | D        | Reached skill level 6 in Spellcasting
   359 | D        | Reached XP level 4. HP: 16/24 MP: 8/14
   423 | D        | Gained mutation: Your spells are a little harder to cast,
                  | but a little more powerful. [potion of mutation]
   423 | D        | Gained mutation: You are frail. (-10% HP) [potion of
                  | mutation]
   423 | D        | Gained mutation: Your flesh is cold resistant. (rC+)
                  | [potion of mutation]
   476 | D        | Lost mutation: Your flesh is cold resistant. (rC+) [potion
                  | of mutation]
   476 | D        | Lost mutation: You are frail. (-10% HP) [potion of
                  | mutation]
   476 | D        | Lost mutation: Your spells are a little harder to cast, but
                  | a little more powerful. [potion of mutation]
   476 | D        | Gained mutation: Your muscles are strong. (Str +2) [potion
                  | of mutation]
   476 | D        | Gained mutation: You tend to lose your temper in combat.
                  | [potion of mutation]
   476 | D        | Gained mutation: You passively map a small area around you.
                  | [potion of mutation]
   476 | D        | Gained mutation: You are robust. (+10% HP) [potion of
                  | mutation]
   669 | D        | Noticed a water elemental
   673 | D        | Killed a water elemental
   673 | D        | Reached skill level 8 in Spellcasting
   673 | D        | Reached XP level 5. HP: 30/30 MP: 8/17
   809 | D        | Found a radiant altar of Vehumet.
   809 | D        | Found a shimmering blue altar of Sif Muna.
   809 | D        | Found an ancient bone altar of Kikubaaqudgha.
   817 | D        | Learned a level 5 spell: Lee's Rapid Deconstruction
   937 | D        | Became a worshipper of Vehumet
   948 | D        | Found a glowing silver altar of Zin.
   948 | D        | Found a glowing golden altar of the Shining One.
   948 | D        | Found a white marble altar of Elyvilon.
   948 | D        | Noticed a deep elf mage
   950 | D        | Killed a deep elf mage
   950 | D        | Reached skill level 5 in Dodging
   950 | D        | Reached skill level 5 in Stealth
   950 | D        | Reached skill level 12 in Spellcasting
   950 | D        | Reached XP level 6. HP: 35/35 MP: 8/23
   950 | D        | Reached XP level 7. HP: 39/39 MP: 8/24
  1038 | D        | Found a basalt altar of Yredelemnul.
  1038 | D        | Found a shadowy altar of Dithmenos.
  1038 | D        | Found a sacrificial altar of Ru.
  1039 | D        | Reached skill level 1 in Conjurations
  1040 | D        | Reached * piety under Vehumet
  1040 | D        | Offered knowledge of Foxfire by Vehumet.
  1096 | D        | Found a hide-covered altar of Uskayaw.
  1096 | D        | Found a roughly hewn altar of Beogh.
  1096 | D        | Found an iron altar of Okawaru.
  1096 | D        | Found a bloodstained altar of Trog.
  1096 | D        | Found an ornate altar of the Wu Jian Council.
  1096 | D        | Noticed a human
  1096 | D        | Noticed a human
  1098 | D        | Killed a human
  1098 | D        | Reached skill level 13 in Spellcasting
  1101 | D        | Killed a human
  1203 | D        | Reached ** piety under Vehumet
  1203 | D        | Offered knowledge of Magic Dart by Vehumet.
  1203 | D        | Reached skill level 14 in Spellcasting
  1203 | D        | Noticed a shadow
  1205 | D        | Killed a shadow
  1205 | D        | Reached XP level 8. HP: 45/45 MP: 18/28
  1257 | D        | Found a blossoming altar of Fedhas.
  1257 | D        | Found a stormy altar of Qazlal.
  1257 | D        | Found a snail-covered altar of Cheibriados.
  1257 | D        | Found a burning altar of Makhleb.
  1257 | D        | Found a shimmering altar of Xom.
  1258 | D        | Found a hazy altar of Hepliaklqana.
  1258 | D        | Found an opulent altar of Gozag.
  1258 | D        | Found a sparkling altar of Nemelex Xobeh.
  1258 | D        | Found a corrupted altar of Lugonu.
  1258 | D        | Found a viscous altar of Jiyva.
  1303 | D        | Reached skill level 15 in Spellcasting
  1304 | D        | Reached *** piety under Vehumet
  1411 | D        | Noticed a two-headed ogre
  1416 | D        | Killed a two-headed ogre
  1416 | D        | Offered knowledge of Ignite Poison by Vehumet.
  1416 | D        | Reached skill level 16 in Spellcasting
  1418 | D        | Noticed a two-headed ogre
  1423 | D        | Killed a two-headed ogre
  1423 | D        | Reached XP level 9. HP: 11/49 MP: 2/31
  1426 | D        | Noticed Erolcha
  1433 | D        | Killed Erolcha
  1433 | D        | Reached **** piety under Vehumet
  1433 | D        | Reached skill level 17 in Spellcasting
  1433 | D        | Reached skill level 15 in Earth Magic
  1433 | D        | Reached skill level 1 in Evocations
  1540 | D        | Reached skill level 18 in Spellcasting
  1705 | D        | Noticed a wandering mushroom
  1709 | D        | Noticed a wandering mushroom
  1714 | D        | Killed a wandering mushroom
  1714 | D        | Offered knowledge of Static Discharge by Vehumet.
  1715 | D        | Noticed a wandering mushroom
  1724 | D        | Learned a level 4 spell: Petrify
  1726 | D        | Killed a wandering mushroom
  1732 | D        | Killed a wandering mushroom
  1815 | D        | Noticed a cane toad
  1815 | D        | Noticed a komodo dragon
  1815 | D        | Noticed a cane toad
  1818 | D        | Mangled by a cane toad

Illustrated notes

Levels and vault maps discovered:
D:        dungeon_sprint_mu [sprint_mu_entry_cave, sprint_mu_temple_rooms,
          sprint_mu_d1_spiders, sprint_mu_d2_genie, sprint_mu_d3_branching,
          sprint_mu_orc_legion, sprint_mu_elf_gauntlet, sprint_mu_hive_nellie,
          sprint_mu_lair_fedhas, sprint_mu_vaults_butterflies,
          sprint_mu_slime_circle, sprint_mu_swamp_cave, sprint_mu_shoals_kraken,
          sprint_mu_blade_basic, sprint_mu_crypt_chambers,
          sprint_mu_tomb_spiral, sprint_mu_vestibule_basic,
          sprint_mu_gehenna_hellfire, sprint_mu_dis_giant,
          sprint_mu_tartarus_statrot, sprint_mu_cocytus_islands, sprint_mu_zot1]

Skill      XL: |  1  2  3  4  5  6  7  8  9 |
---------------+----------------------------+-----
Dodging        | 3 4 5 6 |  6.2
Stealth        | 3 4 5 |  5.5
Spellcasting   | 4 5 6 8 12 14 16 18 | 18.9
Earth Magic    | 5 6 7 9 11 13 14 16 | 16.3
Conjurations   | 1 |  1.8
Evocations     | 1 |  1.4
Transmutations | |  1.1

Action                   |  1- 3 |  4- 6 |  7- 9 || total
-------------------------+-------+-------+-------++-------
 Cast: Sandblast         |    11 |     4 |       ||    15
       Stone Arrow       |       |     1 |    11 ||    12
       Lee's Rapid Decon |       |     3 |    30 ||    33
       Petrify           |       |       |     1 ||     1
Evoke: Lightning rod     |       |       |     2 ||     2
  Use: Potion            |       |     2 |     4 ||     6
Dodge: Dodged            |     1 |     1 |     7 ||     9

Table legend: (Time is in decaauts)
 A = Elapsed time spent in this place.
 B = Non-inter-level travel time spent in this place.
 C = Inter-level travel time spent in this place.
 D = Time resting spent in this place.
 E = Time spent auto-exploring this place.
 F = Levels seen in this place.
 G = Mean time per level.
                   A        B        C        D        E       F      G
               +--------+--------+--------+--------+--------+-----+--------+
         Total |   1803 |   1803 |      0 |   1366 |     14 |   1 | 1803.0 |
       Dungeon |   1803 |   1803 |      0 |   1366 |     14 |   1 | 1803.0 |
               +--------+--------+--------+--------+--------+-----+--------+

Top non-repeatable levels by time:
       D: 1803 daAuts
